 Seeded DCSS version 0.30-a0-883-g5ad918d77d (webtiles) character file.

Game seed: 14947281242041613520 (custom seed)

653 Parcival the Conjurer (level 7, -9/48 HPs)
             Began as a Human Conjurer on Mar 14, 2023.
             Was a Believer of Sif Muna.
             Mangled by a gnoll sergeant
             ... wielding a +0 trident
              (14 damage)
             ... on level 6 of the Dungeon on Mar 15, 2023.
             The game lasted 00:16:46 (3801 turns).

Parcival the Conjurer (Human Conjurer)              Turns: 3801, Time: 00:16:47

Health: -9/48      AC:  5    Str:  8    XL:     7   Next: 84%
Magic:  5/12       EV: 12    Int: 20    God:    Sif Muna [**....]
Gold:   207        SH:  0    Dex: 11    Spells: 10/13 levels left

rFire   . . .      SeeInvis .    f - +4 quarterstaff (chaos)
rCold   . . .      Faith    .    (shield currently unavailable)
rNeg    . . .      Spirit   .    a - +0 robe
rPois   .          Reflect  .    (no helmet)
rElec   .          Rampage  .    j - +2 cloak
rCorr   .                        (no gloves)
Will    .....                    (no boots)
Stlth   ++                       (no amulet)
HPRegen 0.28/turn                (no ring)
MPRegen 0.13/turn                (no ring)

@: lethally poisoned (-9 -> -13)
A: no striking features
a: Renounce Religion, Channel Magic


You were on level 6 of the Dungeon.
You worshipped Sif Muna.
Sif Muna was pleased with you.
You visited 1 branch of the dungeon, and saw 6 of its levels.

You collected 207 gold pieces.

Inventory:

Hand Weapons
 c - a +0 short sword of electrocution
 d - a +3 whip
 f - a +4 quarterstaff of chaos (weapon)
 i - a +2 mace of holy wrath
Armour
 a - a +0 robe (worn)
 j - a +2 cloak (worn)
Scrolls
 b - 2 scrolls of poison
 e - a scroll of identify
 h - a scroll of teleportation
Potions
 k - 2 potions of mutation
 l - a potion of attraction


   Skills:
 + Level 1.0 Fighting
 + Level 0.5 Short Blades
 + Level 1.7 Staves
 + Level 3.0 Dodging
 + Level 3.6 Stealth
 + Level 0.1 Unarmed Combat
 + Level 3.8 Spellcasting
 + Level 6.6 Conjurations


You had 10 spell levels left.
You knew the following spells:

 Your Spells              Type           Power      Damage    Failure   Level
a - Magic Dart            Conj           100%       1d8       1%          1
b - Searing Ray           Conj           60%        2d6       1%          2

Your spell library contained the following spells:

 Spells                   Type           Power      Damage    Failure   Level
 Dazzling Flash           Conj/Hex       34%        N/A       10%         3
 Beastly Appendage        Tmut           6%         N/A       13%         1
 Wereblood                Tmut           3%         N/A       21%         2
 Fulminant Prism          Conj/Hex       8%         3d7       32%         4
 Iskenderun's Mystic Bla  Conj/Tloc      17%        2d5       32%         4
 Spider Form              Tmut/Pois      3%         N/A       36%         3


Dungeon Overview and Level Annotations

Branches:
Dungeon (7/15)
 Temple: D:4-7

Altars:
Sif Muna


Message History

The scorpion poisons you! The gnoll sergeant closely misses you.
The scorpion closely misses you.
Casting: Searing Ray (safe; 1% risk of failure)
Confirm with . or Enter, or press ? or * to list all spells.
Aiming: Searing Ray (safe; 1% risk of failure)
Press: ? - help, Shift-Dir - straight line, f - scorpion
Aim: a scorpion (severely wounded, very poisoned, 79% to hit)
The searing ray misses the scorpion. (Press . to maintain the ray.)
You feel very sick.
You kill the scorpion!
Sif Muna accepts your kill.
The gnoll sergeant hits you from afar with a +0 trident!
Your Fighting skill increases to level 1!
Casting: Searing Ray (safe; 1% risk of failure)
Confirm with . or Enter, or press ? or * to list all spells.
Restarting spell: Searing Ray (safe; 1% risk of failure)
Press: ? - help, Shift-Dir - straight line, f - gnoll sergeant
Aim: a gnoll sergeant, wielding a +0 trident, wearing a +0 ring mail, wearing a +2 buckler and quivering stones (85% to hit)
The searing ray hits the gnoll sergeant.
The gnoll sergeant is lightly wounded. (Press . to maintain the ray.)
You feel very sick. The gnoll sergeant closely misses you.
The searing ray hits the gnoll sergeant but does no damage.
The gnoll sergeant is lightly wounded.
You feel sick.
The gnoll sergeant throws a stone.
The stone hits you.
* * * LOW HITPOINT WARNING * * *
Casting: Searing Ray (safe; 1% risk of failure)
Confirm with . or Enter, or press ? or * to list all spells.
Restarting spell: Searing Ray (safe; 1% risk of failure)
Press: ? - help, Shift-Dir - straight line, f/p - gnoll sergeant
Aim: a gnoll sergeant, wielding a +0 trident, wearing a +0 ring mail, wearing a +2 buckler and quivering stones (lightly wounded, 85% to hit)
The searing ray hits the gnoll sergeant!
The gnoll sergeant is heavily wounded. (Press . to maintain the ray.)
* * * LOW HITPOINT WARNING * * *
You feel sick.
The gnoll sergeant hits you from afar with a +0 trident!
You die...

##########
#.g....g..
#.#..#..g#
#@#.## # #.#gs
##########.#l##
#..........#..
#..........##.
#..........# #
#..........#
#..>.......#
#..........#


You could see a gnoll sergeant.

Vanquished Creatures
  Grinder (D:3)
  A black bear (D:7)
  A scorpion (D:6)
  2 howler monkeys (D:7)
  A hound (D:6)
  Crazy Yiuf (D:2)
  A jelly (D:6)
  2 orc wizards (D:4)
  An adder (D:6)
  2 gnolls (D:2)
  3 dart slugs
  2 worms (D:2)
  3 orcs
  6 ball pythons
  8 endoplasms
  A giant cockroach (D:3)
  5 goblins
  A hobgoblin (D:3)
  3 jackals (D:4)
  5 kobolds
  8 quokkas
  4 bats (D:1)
  2 frilled lizards
  5 rats
  A bush (D:3)
70 creatures vanquished.

Vanquished Creatures (others)
  2 demonic plants (D:1)
  22 plants (D:2)
24 creatures vanquished.

Grand Total: 94 creatures vanquished

Notes
Turn   | Place    | Note
-------+----------+-------------------------------------------
     0 | D:1      | Parcival the Human Conjurer began the quest for the Orb.
     0 | D:1      | Reached XP level 1. HP: 13/13 MP: 3/3
   257 | D:1      | Reached XP level 2. HP: 19/19 MP: 3/5
   696 | D:1      | Found a faded altar of an unknown god.
   696 | D:1      | Noticed a hellwing
   800 | D:1      | Prayed at the altar of an unknown god.
   800 | D:1      | Became a worshipper of Sif Muna the Loreminder
   800 | D:1      | Reached * piety under Sif Muna
   871 | D:2      | Learned a level 2 spell: Searing Ray
   966 | D:2      | Reached XP level 3. HP: 24/24 MP: 0/6
  1607 | D:2      | Reached XP level 4. HP: 30/30 MP: 2/7
  1615 | D:2      | Reached skill level 5 in Conjurations
  1735 | D:2      | Found a runed translucent door.
  1736 | D:2      | Noticed Crazy Yiuf
  1743 | D:2      | Killed Crazy Yiuf
  1828 | D:3      | Reached ** piety under Sif Muna
  2024 | D:3      | Noticed Grinder
  2041 | D:3      | HP: 1/30 [Grinder (6)]
  2050 | D:3      | Killed Grinder
  2051 | D:3      | Reached skill level 6 in Conjurations
  2051 | D:3      | Reached XP level 5. HP: 34/35 MP: 2/9
  2051 | D:3      | Reached XP level 6. HP: 40/41 MP: 2/10
  3397 | D:4      | Upgraded the game from 0.30-a0-881-g1ff12e1e11 to
                  | 0.30-a0-883-g5ad918d77d
  3434 | D:4      | HP: 2/41 [orc priest/divine providence (11)]
  3606 | D:4      | You fall into a shaft and drop 3 floors!
  3609 | D:7      | Noticed an orc warrior
  3617 | D:7      | Noticed a black bear
  3623 | D:7      | Reached XP level 7. HP: 43/46 MP: 8/12
  3631 | D:7      | Reached skill level 1 in Staves
  3799 | D:6      | Reached skill level 1 in Fighting
  3801 | D:6      | Mangled by a gnoll sergeant

Illustrated notes

Levels and vault maps discovered:
D:1:      pf_arrival_petrified_forest, layout_rooms,
          dreamdust_ecumenical_altar_sealed_demon
D:2:      wad_woods_tower, layout_rooms, uniq_crazy_yiuf_cottage
D:3:      layout_basic, chequers_serial_rivers_large_b, minmay_hedge_maze,
          hangedman_decor_riveting, minmay_misc_feat_roman, uniq_grinder
D:4:      layout_cave_pools, marbit_many_paths, ashenzari_altar_1,
          minmay_temple_entry_junction, portal_sewer_entry_d, uniq_robin
D:6:      layout_rooms, gammafunk_ghost_smash, minmay_between
D:7:      layout_basic, serial_shops, shop_scrolls, minivault_24,
          hangedman_decor_opposing, minmay_fractal_squares_diagonal_5,
          uniq_menkaure, uniq_maggie

Skill      XL: |  1  2  3  4  5  6  7 |
---------------+----------------------+-----
Conjurations   | 6 |  6.6
Stealth        | 3 |  3.6
Spellcasting   | 3 |  3.8
Staves         | 1 |  1.7
Dodging        | 3 |  3.0
Fighting       | 1 |  1.0
Short Blades   | |  0.5
Unarmed Combat | |  0.1

Action                     |  1- 3 |  4- 6 |  7- 9 || total
---------------------------+-------+-------+-------++-------
  Melee: Unarmed           |    10 |       |       ||    10
         Short sword       |    37 |     2 |       ||    39
         Punch             |     2 |       |       ||     2
         Quarterstaff      |       |    75 |    12 ||    87
   Cast: Magic Dart        |    27 |       |       ||    27
         Searing Ray       |    19 |    28 |     8 ||    55
    Use: Scroll            |     5 |     7 |       ||    12
         Potion            |     1 |     2 |       ||     3
   Stab: Sleeping          |       |     1 |       ||     1
 Armour: Robe              |     4 |    15 |     8 ||    27
  Dodge: Dodged            |    16 |    34 |    27 ||    77

Table legend: (Time is in decaauts)
 A = Elapsed time spent in this place.
 B = Non-inter-level travel time spent in this place.
 C = Inter-level travel time spent in this place.
 D = Time resting spent in this place.
 E = Time spent auto-exploring this place.
 F = Levels seen in this place.
 G = Mean time per level.
                   A        B        C        D        E       F      G
               +--------+--------+--------+--------+--------+-----+--------+
         Total |   3872 |   3521 |    351 |    265 |   2602 |   6 |  645.3 |
       Dungeon |   3872 |   3521 |    351 |    265 |   2602 |   6 |  645.3 |
               +--------+--------+--------+--------+--------+-----+--------+

Top non-repeatable levels by time:
     D:3: 1631 daAuts
     D:2: 955 daAuts
     D:1: 855 daAuts
     D:4: 231 daAuts
     D:6: 161 daAuts
     D:7: 36 daAuts
